 Dungeon Sprint DCSS version 0.26-a0-651-gb41185065b (webtiles) character file.

Game seed: 12196607110636298285

11 mhtbhm the Covered (level 2, -1/28 HPs)
             Began as a Minotaur Fighter on Sept 30, 2020.
             Slain by a human (7 damage)
             ... in the Dungeon (Sprint III: "The Ten Rune Challenge").
             The game lasted 00:00:14 (185 turns).

mhtbhm the Covered (Minotaur Fighter)                Turns: 185, Time: 00:00:15

Health: -1/28      AC:  7    Str: 20    XL:     2   Next: 13%
Magic:  1/1        EV:  7    Int:  5    God:
Gold:   0          SH:  9    Dex:  9    Spells: 1/1 levels left

rFire    . . .     SeeInvis .   a - +0 long sword
rCold    . . .     Faith    .   c - +0 kite shield
rNeg     . . .     Spirit   .   b - +0 scale mail
rPois    .         Reflect  .   (helmet restricted)
rElec    .         Harm     .   (no cloak)
rCorr    .         Rampage  .   (no gloves)
MR       .....     NoTele   +   (no boots)
Stlth    ..........             (no amulet)
HPRegen  0.09/turn              (no ring)
MPRegen  0.07/turn              (no ring)

@: no status effects
A: retaliatory headbutt, horns 2
a: no special abilities


You were in the Dungeon.
You visited 1 branch

Inventory:

Hand Weapons
 a - a +0 long sword (weapon)
Missiles
 k - 6 javelins (quivered)
Armour
 b - a +0 scale mail (worn)
 c - a +0 kite shield (worn)
Scrolls
 j - a scroll of blinking
Potions
 d - a potion of might
 e - a potion of curing
 f - a potion of heal wounds
 g - a potion of haste
 h - 2 potions of magic
 i - a potion of berserk rage
 l - a potion of degeneration {unknown}


   Skills:
 + Level 4.5 Fighting
 + Level 2.9 Long Blades
 + Level 4.7 Armour
 + Level 4.6 Shields


You had one spell level left.
You didn't know any spells.
Your spell library was empty.

Dungeon Overview and Level Annotations

Branches:
Dungeon (1/1)

Altars:


Innate Abilities, Weirdness & Mutations

You reflexively headbutt those who attack you in melee.
You have a pair of horns on your head.


Message History

No target in view!
No target in view!
No target in view!
No target in view!
No target in view!
No target in view!
No target in view!
A human comes into view.
You closely miss the human. The human hits you. You block the human's attack.
You hit the human.
The human is lightly wounded.
The human hits you!
You miss the human.
The human is lightly wounded.
The human hits you!
* * * LOW HITPOINT WARNING * * *
You barely miss the human. You headbutt the human.
The human is moderately wounded.
The human hits you!
You die...

▓▓▓▓▓▓▓▓▓
▓<..#...####
▓...#......##
▓..##...†...#
▓##.##.##...# .#
##.##.###..# ..#
▓#.####.##@.# ...+
▓.###..##.p##
#p..# ▓#.....##..#
#....#
###..##...##.....#
##..##....#......#
#..###..##.# #..#
#.. ### ▓▓▓▓ ▓▓▓


You could see a human.

Vanquished Creatures
  2 oozes (D)
  2 rats (D)
4 creatures vanquished.

Vanquished Creatures (others)
  2 plants (D)
2 creatures vanquished.

Grand Total: 6 creatures vanquished

Notes
Turn   | Place    | Note
-------+----------+-------------------------------------------
     0 | D        | mhtbhm the Minotaur Fighter began the quest for the Orb.
     0 | D        | Reached XP level 1. HP: 19/19 MP: 0/0
    86 | D        | Reached XP level 2. HP: 28/28 MP: 1/1
   185 | D        | Slain by a human

Illustrated notes

Levels and vault maps discovered:
D:        dungeon_sprint_mu [sprint_mu_entry_cave, sprint_mu_temple_rooms,
          sprint_mu_d1_spiders, sprint_mu_d2_genie, sprint_mu_d3_branching,
          sprint_mu_orc_legion, sprint_mu_elf_gauntlet, sprint_mu_hive_nellie,
          sprint_mu_lair_fedhas, sprint_mu_vaults_butterflies,
          sprint_mu_slime_circle, sprint_mu_swamp_cave, sprint_mu_shoals_archi,
          sprint_mu_blade_basic, sprint_mu_crypt_chambers,
          sprint_mu_tomb_spiral, sprint_mu_vestibule_basic,
          sprint_mu_gehenna_hellfire, sprint_mu_dis_giant,
          sprint_mu_tartarus_statrot, sprint_mu_cocytus_islands, sprint_mu_zot1]

Skill      XL: |  1 |
---------------+----+-----
Fighting       | 4 |  4.5
Armour         | 4 |  4.7
Shields        | 4 |  4.6
Long Blades    | |  2.9

Action                   || total
-------------------------++-------
Melee: Long sword        ||    17
       Headbutt          ||     2
Armor: Scale mail        ||     6
Dodge: Dodged            ||     2
Block: Kite shield       ||     4
       Rpst.: Long sword ||     1

Table legend: (Time is in decaauts)
 A = Elapsed time spent in this place.
 B = Non-inter-level travel time spent in this place.
 C = Inter-level travel time spent in this place.
 D = Time resting spent in this place.
 E = Time spent auto-exploring this place.
 F = Levels seen in this place.
 G = Mean time per level.
                   A        B        C        D        E       F      G
               +--------+--------+--------+--------+--------+-----+--------+
         Total |    190 |    190 |      0 |    121 |     24 |   1 |  190.0 |
       Dungeon |    190 |    190 |      0 |    121 |     24 |   1 |  190.0 |
               +--------+--------+--------+--------+--------+-----+--------+

Top non-repeatable levels by time:
       D: 190 daAuts
